 Dungeon Crawl Stone Soup version 0.29-a0-563-g64e4043184 (webtiles) character file.

Game seed: 13968789213518546836

4 dolemite99 the Twirler (level 1, -1/17 HPs)
             Began as a Meteoran Gladiator on June 12, 2022.
             Succumbed to a kobold's poison
             ... on level 1 of the Dungeon.
             The game lasted 00:00:46 (309 turns).

dolemite99 the Twirler (Meteoran Gladiator)          Turns: 309, Time: 00:00:47

Health: -1/17      AC:  4    Str: 15    XL:     1   Next: 85%
Magic:  2/2        EV: 13    Int:  9    God:
Gold:   9          SH:  0    Dex: 15    Spells: 0/0 levels left

rFire   . . .      SeeInvis .   a - +0 quarterstaff
rCold   . . .      Faith    .   (shield currently unavailable)
rNeg    . . .      Spirit   .   b - +0 leather armour
rPois   .          Reflect  .   c - +0 helmet
rElec   .          Harm     .   (no cloak)
rCorr   .          Rampage  .   (no gloves)
Will    .....                   (no boots)
Stlth   +.........              (no amulet)
HPRegen 0.05/turn               (no ring)
MPRegen 0.08/turn               (no ring)

@: mighty, lethally poisoned (-1 -> -14), glowing
A: sense surroundings 1, otherworldly, glowing, explore regen
a: no special abilities


You were on level 1 of the Dungeon.
You visited 1 branch of the dungeon, and saw 1 of its levels.

You collected 9 gold pieces.

Inventory:

Hand Weapons
 a - a +0 quarterstaff (weapon)
Missiles
 d - 3 throwing nets (quivered)
 e - a javelin
Armour
 b - a +0 leather armour (worn)
 c - a +0 helmet (worn)
 f - a +0 pair of gloves
Jewellery
 h - a ring of see invisible
Scrolls
 g - a scroll of torment {unknown}


   Skills:
 - Level 2.1 Fighting
 + Level 4.0 Staves
 - Level 2.4 Throwing
 - Level 3.6 Dodging


You couldn't memorise any spells.
You didn't know any spells.
Your spell library was empty.

Dungeon Overview and Level Annotations

Branches:
Dungeon (1/15)

Altars:


Innate Abilities, Weirdness & Mutations

You passively map a small area around you.
You are easily found by Zot.
You glow in the dark.
You regain HP and MP as you explore.


Message History

You start waiting.
HP restored.
Found an opal ring.
h - a ring of see invisible
There are no items here.
You open the door.
A kobold comes into view.
It is wielding a +0 short sword of venom.
The kobold shouts!
There is an open door here.
A rat comes into view.
The kobold hits you with a +0 short sword of venom.
You are poisoned.
You feel sick.
A ball python comes into view.
You see here a blue potion.
You hit the kobold.
The kobold is moderately wounded.
You feel sick.
The kobold hits you with a +0 short sword of venom.
i - a blue potion You feel sick.
The rat barely misses you. The kobold closely misses you.
You barely miss the kobold.
The kobold is moderately wounded.
You feel sick. The rat completely misses you.
The kobold hits you with a +0 short sword of venom.
You are lethally poisoned!
It was a potion of might.
You feel very mighty all of a sudden.
You feel sick. The rat closely misses you.
The kobold hits you but does no damage.
You are more poisoned.
You closely miss the kobold.
The kobold is moderately wounded.
* * * LOW HITPOINT WARNING * * *
You feel very sick. The rat bites you but does no damage.
The kobold barely misses you. The ball python closely misses you.
The ball python misses you.
You closely miss the kobold.
The kobold is moderately wounded.
You die...

### #.. #.#* #.# *
######## #.# ,
#......# #.# *
#......#####.#####
+......'.......... *
* #@K....#.###.##.##
, ,#rS....#.#
#...... * #......#.#
#.##.## ,#......#.#
#.##.#
#......#.###.##.##
,...................
,
#...#####.##..##.#.
,* ,..#.. *
#.##..#.... * ,,
....#....


You could see a ball python, a kobold and a rat.

Vanquished Creatures
  A ball python (D:1)
  A hobgoblin (D:1)
  2 bats (D:1)
4 creatures vanquished.

Notes
Turn   | Place    | Note
-------+----------+-------------------------------------------
     0 | D:1      | dolemite99 the Meteoran Gladiator began the quest for the
                  | Orb.
     0 | D:1      | Reached XP level 1. HP: 17/17 MP: 2/2
   151 | D:1      | Reached skill level 4 in Staves
   309 | D:1      | Succumbed to a kobold's poison

Illustrated notes

Levels and vault maps discovered:
D:1:      dpeg_arrival_arbitrary_b, layout_basic, hex_large

Skill      XL: |  1 |
---------------+----+-----
Staves         | 4 |  4.0
Fighting       | |  2.1
Throwing       | |  2.4
Dodging        | |  3.6

Action                   || total
-------------------------++-------
Melee: Quarterstaff      ||    29
  Use: Potion            ||     1
Armor: Leather armour    ||    30
Dodge: Dodged            ||    27

Table legend: (Time is in decaauts)
 A = Elapsed time spent in this place.
 B = Non-inter-level travel time spent in this place.
 C = Inter-level travel time spent in this place.
 D = Time resting spent in this place.
 E = Time spent auto-exploring this place.
 F = Levels seen in this place.
 G = Mean time per level.
                   A        B        C        D        E       F      G
               +--------+--------+--------+--------+--------+-----+--------+
         Total |    311 |    311 |      0 |    120 |     17 |   1 |  311.0 |
       Dungeon |    311 |    311 |      0 |    120 |     17 |   1 |  311.0 |
               +--------+--------+--------+--------+--------+-----+--------+

Top non-repeatable levels by time:
     D:1: 311 daAuts
